 Dungeon Crawl Stone Soup version 0.28-a0-312-gbced6e68ee (webtiles) character file.

Game seed: 11015145388420349119

8284 Demosthentine the Spear-Bearer (level 11, -1/87 HPs)
             Began as a Merfolk Gladiator on Aug 31, 2021.
             Was a Follower of the Shining One.
             Slain by a killer bee (8 damage)
             ... on level 10 of the Dungeon.
             The game lasted 00:16:46 (13416 turns).

Demosthentine the Spear-Bearer (Merfolk Gladiator) Turns: 13416, Time: 00:16:47

Health: -1/87      AC:  9    Str: 16    XL:     11   Next: 28%
Magic:  12/12      EV: 17    Int:  9    God:    the Shining One [*.....]
Gold:   298        SH:  0    Dex: 16    Spells: 10/10 levels left

rFire   . . .      SeeInvis .   a - +0 trident
rCold   . . .      Faith    .   (no shield)
rNeg    . . .      Spirit   .   b - +0 leather armour
rPois   .          Reflect  .   c - +1 helmet
rElec   .          Harm     .   p - scarf {repulsion}
rCorr   .          Rampage  .   (no gloves)
Will    .....                   r - +2 pair of boots {Fly}
Stlth   +.........              h - amulet of magic regeneration
HPRegen 0.24/turn               (no ring)
MPRegen 0.38/turn               (no ring)

@: about to teleport, flying, glowing, studying Shields, repel missiles
A: (nimble swimmer 2), mertail
a: Renounce Religion


You were on level 10 of the Dungeon.
You worshipped the Shining One.
The Shining One was aware of your devotion.
You visited 2 branches of the dungeon, and saw 11 of its levels.

You collected 298 gold pieces.

Inventory:

Hand Weapons
 a - a +0 trident (weapon)
Armour
 b - a +0 leather armour (worn)
 c - a +1 helmet (worn)
 g - a +2 cloak of stealth
 p - a scarf of repulsion (worn)
 r - a +2 pair of boots of flying (worn)
Jewellery
 d - an amulet of regeneration
 h - an amulet of magic regeneration (around neck)
 s - an amulet of guardian spirit
Wands
 n - a wand of paralysis (10)
Scrolls
 f - 3 scrolls of identify
 i - 2 scrolls of teleportation
 k - 2 scrolls of magic mapping
Potions
 e - a potion of brilliance
 j - 2 potions of flight
 l - 2 potions of magic
 m - a potion of might
 o - 2 potions of mutation
 q - a potion of haste
 t - a potion of lignification


   Skills:
 + Level 8.8 Fighting
 + Level 11.6 Polearms
 - Level 2.0 Throwing
 - Level 5.5 Armour
 + Level 10.7 Dodging
 + Level 10.6 Shields
 + Level 2.0 Invocations


You had 10 spell levels left.
You didn't know any spells.
Your spell library was empty.

Dungeon Overview and Level Annotations

Branches:
Dungeon (10/15)            Temple (1/1) D:7
   Lair: D:8-11         Orc: D:9-12

Altars:
Ashenzari
Cheibriados
Dithmenos
Elyvilon
Fedhas
Gozag
Hepliaklqana
Kikubaaqudgha
Makhleb
Nemelex Xobeh
Okawaru
Qazlal
Ru
Sif Muna
Trog
Uskayaw
Vehumet
Wu Jian
Xom
Yredelemnul
Zin
The Shining One


Innate Abilities, Weirdness & Mutations

((You are quick and stealthy near water. (Stealth+, EV+, Speed+++)))
Your lower body shifts to a powerful aquatic tail in water.


Message History

The centaur warrior zombie kicks you.
* * * LOW HITPOINT WARNING * * *
You puncture the centaur warrior zombie!
The centaur warrior zombie is almost destroyed.
The centaur warrior zombie hits you but does no damage.
The centaur warrior zombie kicks you but does no damage.
You puncture the centaur warrior zombie!
The centaur warrior zombie is almost destroyed.
The centaur warrior zombie closely misses you.
The centaur warrior zombie kicks you but does no damage.
You puncture the centaur warrior zombie!
You destroy the centaur warrior zombie!
The Shining One accepts your kill.
Your Invocations skill increases to level 2!
Unknown command.
A killer bee is nearby!
A killer bee is nearby!
A killer bee is nearby!
Unknown command.
The killer bee buzzes angrily.
Okay, then.
Reach: a) +0 trident
Press: ? - help, Dir - move target, f - killer bee
Aim: a killer bee (about 55% to evade your +0 trident)
You reach to attack!
You miss the killer bee.
Unknown command.
You hit the killer bee.
The killer bee is lightly wounded.
The killer bee barely misses you. The killer bee closely misses you.
You miss the killer bee.
The killer bee is lightly wounded.
The killer bee buzzes angrily.
The killer bee stings you but does no damage.
As you read the scroll of teleportation, it crumbles to dust.
You feel strangely unstable.
The killer bee stings you but does no damage. x2
The killer bee closely misses you.
Unknown command.
The killer bee stings you!
You die...

..........# ..# #
..........##### #.## #
..............#####..# #
!.........#......[...###
......................##
#.........#...........##
..........#............#
.......yy.#.............
.......@..#.....#.......
.##############.#.##....
#<#.##.... ###.##....
#....... ########


You could see 2 killer bees.

Vanquished Creatures
  A two-headed ogre (D:10)
  3 skeletal warriors (D:8)
  A centaur zombie (D:10)
  Maggie (D:9)
  Grinder (D:3)
  6 yaks (D:8)
  A steam dragon (D:6)
  Menkaure (D:5)
  4 water moccasins
  Duvessa (D:5)
  5 orc warriors
  A hornet zombie (D:8)
  A sky beast (D:7)
  A necrophage (D:6)
  An ogre (D:4)
  3 centaurs
  2 phantoms (D:6)
  2 kobold brigands
  4 bullfrogs
  A wyvern zombie (D:3)
  3 scorpions
  A water moccasin zombie (D:7)
  Dowan (D:5)
  8 killer bees
  8 wights
  An electric eel (D:8)
  2 hounds
  Crazy Yiuf (D:5)
  6 orc priests
  2 gnoll shamans
  2 jellies
  4 iguanas
  Natasha (thrice) (D:3)
  4 orc wizards
  A killer bee zombie (D:5)
  A hound skeleton (D:4)
  8 gnolls
  5 adders
  2 white imps
  2 ufetubi
  A dart slug (D:2)
  30 orcs
  9 ball pythons
  6 endoplasms
  2 giant cockroaches
  5 hobgoblins
  3 jackals (D:1)
  8 quokkas
  4 bats
  3 frilled lizards
  8 goblins
  8 kobolds
  3 rats
196 creatures vanquished.

Vanquished Creatures (others)
  An orc wizard (D:9)
  An adder (D:6)
  30 plants
32 creatures vanquished.

Grand Total: 228 creatures vanquished

Notes
Turn   | Place    | Note
-------+----------+-------------------------------------------
     0 | D:1      | Demosthentine the Merfolk Gladiator began the quest for the
                  | Orb.
     0 | D:1      | Reached XP level 1. HP: 16/16 MP: 1/1
   130 | D:1      | Reached XP level 2. HP: 18/23 MP: 2/2
   199 | D:1      | Found a faded altar of an unknown god.
   710 | D:1      | Reached XP level 3. HP: 28/28 MP: 3/3
   809 | D:1      | Identified a scroll of acquirement
   809 | D:1      | Acquired a manual of Shields
   922 | D:2      | Found a hazy altar of Hepliaklqana.
  1006 | D:2      | Reached skill level 5 in Polearms
  1203 | D:2      | Reached skill level 1 in Armour
  1257 | D:2      | Reached skill level 1 in Shields
  1281 | D:2      | Reached XP level 4. HP: 15/34 MP: 4/4
  1922 | D:3      | Noticed Natasha
  1937 | D:3      | Killed Natasha
  2076 | D:3      | Noticed Grinder
  2097 | D:3      | Killed Grinder
  2098 | D:3      | Reached skill level 6 in Polearms
  2098 | D:3      | Reached skill level 5 in Dodging
  2098 | D:3      | Reached XP level 5. HP: 9/42 MP: 5/5
  2098 | D:3      | Reached XP level 6. HP: 11/48 MP: 6/6
  2098 | D:3      | Noticed Natasha
  2402 | D:3      | HP: 2/48 [centaur (5)]
  2852 | D:3      | Reached XP level 7. HP: 40/54 MP: 7/7
  2867 | D:3      | Killed Natasha
  2949 | D:3      | Noticed Natasha
  2957 | D:3      | Killed Natasha
  3881 | D:4      | Found a sacrificial altar of Ru.
  3882 | D:4      | Found an iron altar of Okawaru.
  4027 | D:4      | Found an opulent altar of Gozag.
  4054 | D:5      | Entered Level 5 of the Dungeon
  4073 | D:5      | Reached skill level 7 in Polearms
  4073 | D:5      | Reached XP level 8. HP: 54/61 MP: 8/8
  4077 | D:5      | Reached skill level 5 in Shields
  4406 | D:5      | Noticed Duvessa
  4408 | D:5      | Noticed Dowan
  4442 | D:5      | Killed Duvessa
  4443 | D:5      | Reached skill level 5 in Fighting
  4470 | D:5      | Killed Dowan
  4932 | D:5      | Noticed Menkaure
  4943 | D:5      | Killed Menkaure
  4944 | D:5      | Reached skill level 8 in Polearms
  5613 | D:5      | Found a runed translucent door.
  5614 | D:5      | Noticed Crazy Yiuf
  5899 | D:5      | Killed Crazy Yiuf
  5907 | D:5      | Identified the +8 mace of the Modern Blessings {pain, Str+2
                  | Int+2}
  6071 | D:6      | Found a blossoming altar of Fedhas.
  6121 | D:6      | Reached XP level 9. HP: 45/69 MP: 9/9
  7363 | D:6      | Reached skill level 9 in Polearms
  8330 | D:7      | Found a bloodstained altar of Trog.
  8344 | D:7      | Found a white marble altar of Elyvilon.
  8367 | D:7      | Became a worshipper of Elyvilon the Healer
  8823 | D:7      | Found a staircase to the Ecumenical Temple.
  8892 | D:7      | Found a glowing silver altar of Zin.
  9004 | Temple   | Entered the Ecumenical Temple
  9113 | Temple   | Fell from the grace of Elyvilon
  9113 | Temple   | Became a worshipper of the Shining One
  9161 | D:8      | You are sucked into a shaft and drop 1 floor!
  9173 | D:9      | Noticed Maggie
  9627 | D:9      | Reached XP level 10. HP: 41/79 MP: 10/10
  9864 | D:9      | Killed Maggie
  9865 | D:9      | Reached skill level 10 in Polearms
 10601 | D:8      | Reached skill level 5 in Armour
 11305 | D:8      | Noticed a skeletal warrior
 11306 | D:8      | Noticed a skeletal warrior
 11313 | D:8      | Noticed a skeletal warrior
 11757 | D:8      | Killed a skeletal warrior
 11758 | D:8      | Reached skill level 10 in Dodging
 11789 | D:8      | Killed a skeletal warrior
 11790 | D:8      | Reached skill level 11 in Polearms
 11790 | D:8      | Reached skill level 10 in Shields
 11799 | D:8      | Killed a skeletal warrior
 11800 | D:8      | Reached XP level 11. HP: 33/87 MP: 11/11
 12100 | D:8      | Found an ornate altar of the Wu Jian Council.
 12754 | D:9      | Reached * piety under the Shining One
 13202 | D:9      | Reached skill level 1 in Invocations
 13265 | D:10     | Entered Level 10 of the Dungeon
 13278 | D:10     | Noticed a two-headed ogre
 13294 | D:10     | Killed a two-headed ogre
 13378 | D:10     | HP: 1/87 [killer bee (5)]
 13404 | D:10     | HP: 4/87 [centaur warrior zombie (1)]
 13416 | D:10     | Slain by a killer bee

Illustrated notes

Levels and vault maps discovered:
D:1:      wander_arrival_lonely_grave, layout_basic,
          shapermc_ecumenical_altar_mp_urbaneastern
D:2:      layout_basic, basic_altar, guppyfry_early_lair_pool
D:3:      layout_basic, uniq_natasha, uniq_grinder
D:4:      layout_basic, nicolae_gozag_cash_rules_everything_around_me,
          chequers_temple_overflow_statue_of_worship
D:5:      layout_loops_ring, serial_bayou_pond_c, uniq_crazy_yiuf_cottage,
          uniq_duvessa, uniq_menkaure
D:6:      layout_rooms, mainiacjoe_overflow_boulevard, minmay_misc_feat_doors,
          minmay_misc_feat_chi, roderic_lattice_a
D:7:      layout_cave_pools, mainiacjoe_overflow_alcove_1,
          mainiacjoe_overflow_catwalk_spiral, minmay_temple_entry_mini_moons
D:8:      layout_basic, nicolae_wu_jian_immortal_techniques,
          serial_bayou_lagoon_a, chequers_jeans
D:9:      layout_basic, uniq_maggie
D:10:     layout_basic
Temple:   jpeg_temple_clearing

Skill      XL: |  1  2  3  4  5  6  7  8  9 10 11 |
---------------+----------------------------------+-----
Polearms       | 5 6 7 8 9 11 | 11.6
Armour         | 1 2 3 4 5 |  5.5
Shields        | 1 3 4 6 8 10 | 10.6
Fighting       | 3 4 5 7 8 |  8.8
Dodging        | 5 6 7 9 10 | 10.7
Invocations    | 2 |  2.0
Throwing       | |  2.0

Action                   |  1- 3 |  4- 6 |  7- 9 | 10-12 || total
-------------------------+-------+-------+-------+-------++-------
Melee: Trident           |   138 |    91 |   560 |   435 ||  1224
Throw: Throwing net      |       |     1 |     6 |     6 ||    13
  Use: Scroll            |     5 |       |    11 |     4 ||    20
       Potion            |       |     2 |     2 |     2 ||     6
 Stab: Sleeping          |     7 |     1 |    14 |       ||    22
       Distracted        |       |       |     1 |       ||     1
       Held in net/web   |       |       |     1 |       ||     1
Armor: Leather armour    |    30 |    25 |   107 |    77 ||   239
Dodge: Dodged            |    93 |    65 |   303 |   247 ||   708

Table legend: (Time is in decaauts)
 A = Elapsed time spent in this place.
 B = Non-inter-level travel time spent in this place.
 C = Inter-level travel time spent in this place.
 D = Time resting spent in this place.
 E = Time spent auto-exploring this place.
 F = Levels seen in this place.
 G = Mean time per level.
                   A        B        C        D        E       F      G
               +--------+--------+--------+--------+--------+-----+--------+
         Total |  13224 |  12849 |    375 |    757 |   9874 |  11 | 1202.2 |
       Dungeon |  13090 |  12715 |    375 |    757 |   9792 |  10 | 1309.0 |
        Temple |    134 |    134 |      0 |      0 |     82 |   1 |  134.0 |
               +--------+--------+--------+--------+--------+-----+--------+

Top non-repeatable levels by time:
     D:6: 2105 daAuts
     D:9: 2056 daAuts
     D:5: 1845 daAuts
     D:3: 1643 daAuts
     D:8: 1636 daAuts
     D:7: 1245 daAuts
     D:1: 890 daAuts
     D:2: 787 daAuts
     D:4: 745 daAuts
  Temple: 134 daAuts
    D:10: 134 daAuts
